[ AOE2 MATCH · #506161336 ]
UnrankedTurks vs Teutons
Player's team · LOSS
Rival team · WIN
[ REPLAY ANALYSIS · EXTRACTED FROM THE RECORDED GAME ]
Feudal
11:52
Castle
19:28
Imperial
28:58
| APM avg | 41.8 |
| APM peak | 83 |
| eAPM avg | 24.6 |
| Villagers / military | 68 / 35 |
Focus
⚔️ 38.9% · 🌾 61.1%
Hand Cannoneer ×28 · Bombard Cannon ×5 · Mangonel ×2
Feudal
8:40
Castle
23:58
Imperial
—
| APM avg | 29.0 |
| APM peak | 65 |
| eAPM avg | 18.7 |
| Villagers / military | 86 / 44 |
Focus
⚔️ 38.7% · 🌾 61.3%
Knight ×41 · Mangonel ×2 · Battering Ram ×1
Match map
Initial resources + every placement click. Lines = walls · curves = elevation contours. ◆ gold · ⬟ stone · ● berries · ✦ relic · ◌ wall gap
Your base· ✓ Closed at 19:28 · 51t walls · 3 gate(s)
Espummoni's base· ✓ Closed at 23:58 · 0t walls · 3 gate(s)
Smoothed initial terrain · ◌ = detected wall gap · hover for details
Inputs per minute
— Axolotl-Flöten-Beschwörer - - Espummoni
Build order — Axolotl-Flöten-Beschwörer
First 150 of 218 actions detected
| 0:02 | Create | Villager (Male) |
| 0:02 | Create | Villager (Male) |
| 0:03 | Build | House |
| 0:10 | Create | Villager (Male) |
| 0:10 | Create | Villager (Male) |
| 0:10 | Create | Villager (Male) |
| 0:11 | Build | House |
| 1:26 | Create | Villager (Male) |
| 1:26 | Create | Villager (Male) |
| 2:03 | Create | Villager (Male) |
| 2:03 | Create | Villager (Male) |
| 2:10 | Build | Lumber Camp |
| 2:17 | Create | Villager (Male) |
| 2:40 | Create | Villager (Male) |
| 2:40 | Create | Villager (Male) |
| 3:15 | Create | Villager (Male) |
| 3:16 | Create | Villager (Male) |
| 3:16 | Create | Villager (Male) |
| 3:23 | Build | Palisade Wall |
| 3:25 | Build | Palisade Wall |
| 3:26 | Build | Palisade Wall |
| 3:26 | Build | Palisade Wall |
| 3:27 | Build | Palisade Wall |
| 3:29 | Build | Palisade Wall |
| 3:31 | Build | Palisade Wall |
| 4:02 | Build | Palisade Wall |
| 4:07 | Build | Palisade Wall |
| 4:11 | Build | Palisade Wall |
| 4:13 | Create | Villager (Male) |
| 4:13 | Create | Villager (Male) |
| 4:21 | Build | Palisade Wall |
| 4:28 | Build | House |
| 4:28 | Research | Loom |
| 4:39 | Build | Palisade Wall |
| 4:41 | Build | Palisade Wall |
| 4:43 | Build | Palisade Wall |
| 4:44 | Build | Palisade Wall |
| 4:46 | Build | Palisade Wall |
| 4:48 | Build | Palisade Wall |
| 5:04 | Create | Villager (Male) |
| 5:04 | Create | Villager (Male) |
| 5:13 | Build | Mill |
| 5:42 | Build | House |
| 5:47 | Create | Villager (Male) |
| 5:47 | Create | Villager (Male) |
| 6:15 | Build | House |
| 6:35 | Create | Villager (Male) |
| 6:35 | Create | Villager (Male) |
| 7:11 | Create | Villager (Male) |
| 7:57 | Create | Villager (Male) |
| 8:00 | Build | Mining Camp |
| 8:27 | Create | Villager (Male) |
| 8:27 | Create | Villager (Male) |
| 8:28 | Create | Villager (Male) |
| 8:30 | Research | Feudal Age |
| 8:30 | Research | Feudal Age |
| 9:13 | Build | Palisade Wall |
| 9:14 | Build | Palisade Wall |
| 10:02 | Create | Villager (Male) |
| 10:15 | Create | Villager (Male) |
| 11:52 | Age | Feudal Age |
| 11:56 | Build | Market |
| 12:04 | Build | Stone Wall |
| 12:07 | Build | Stone Wall |
| 12:30 | Create | Villager (Male) |
| 12:43 | Create | Villager (Male) |
| 13:16 | Build | Blacksmith |
| 13:20 | Build | House |
| 13:23 | Build | Blacksmith |
| 13:29 | Build | Stone Wall |
| 13:30 | Build | Stone Wall |
| 13:32 | Build | Stone Wall |
| 13:59 | Create | Villager (Male) |
| 14:01 | Create | Villager (Male) |
| 14:01 | Create | Villager (Male) |
| 14:01 | Create | Villager (Male) |
| 14:48 | Build | House |
| 15:40 | Create | Villager (Male) |
| 15:43 | Build | Blacksmith |
| 16:17 | Create | Villager (Male) |
| 16:48 | Research | Castle Age |
| 16:48 | Research | Castle Age |
| 18:05 | Build | Stone Wall |
| 18:24 | Build | Gate |
| 18:29 | Build | Gate |
| 18:34 | Build | House |
| 18:47 | Create | Villager (Male) |
| 19:15 | Build | Stone Wall |
| 19:19 | Build | Stone Wall |
| 19:28 | Age | Castle Age |
| 19:52 | Build | Siege Workshop |
| 19:59 | Create | Villager (Male) |
| 20:12 | Build | Gate |
| 20:25 | Research | Gold Mining |
| 20:29 | Create | Villager (Male) |
| 20:49 | Build | Farm |
| 21:06 | Create | Villager (Male) |
| 21:11 | Create | Villager (Male) |
| 21:18 | Build | Farm |
| 21:20 | Build | Farm |
| 21:30 | Build | House |
| 21:40 | Build | Gate |
| 21:45 | Build | House |
| 22:02 | Build | Palisade Wall |
| 22:04 | Create | Villager (Male) |
| 22:07 | Build | Farm |
| 22:20 | Create | Villager (Male) |
| 22:34 | Build | Farm |
| 22:50 | Build | Stone Wall |
| 22:51 | Build | Stone Wall |
| 22:51 | Build | Stone Wall |
| 22:55 | Create | Villager (Male) |
| 22:58 | Build | Farm |
| 23:26 | Build | Farm |
| 23:27 | Create | Villager (Male) |
| 23:33 | Build | Farm |
| 23:49 | Create | Villager (Male) |
| 24:06 | Create | Villager (Male) |
| 24:24 | Create | Villager (Male) |
| 24:47 | Build | Monastery |
| 25:05 | Create | Villager (Male) |
| 25:11 | Build | Stone Wall |
| 25:48 | Research | Imperial Age |
| 25:56 | Create | Mangonel |
| 25:56 | Create | Mangonel |
| 27:09 | Build | Siege Workshop |
| 27:37 | Build | Lumber Camp |
| 27:59 | Build | House |
| 28:02 | Create | Villager (Male) |
| 28:11 | Build | House |
| 28:30 | Build | Mining Camp |
| 28:58 | Age | Imperial Age |
| 28:59 | Create | Bombard Cannon |
| 28:59 | Create | Bombard Cannon |
| 29:17 | Create | Villager (Male) |
| 29:21 | Create | Villager (Male) |
| 29:26 | Build | Barracks |
| 29:34 | Create | Villager (Male) |
| 29:36 | Research | Double-Bit Axe |
| 29:36 | Research | Double-Bit Axe |
| 30:17 | Create | Bombard Cannon |
| 30:17 | Create | Bombard Cannon |
| 30:48 | Build | Mining Camp |
| 31:05 | Build | Archery Range |
| 31:21 | Build | Farm |
| 31:28 | Create | Villager (Male) |
| 31:28 | Create | Villager (Male) |
| 32:00 | Create | Hand Cannoneer |
| 32:05 | Build | Archery Range |
| 32:28 | Create | Villager (Male) |
Build order — Espummoni
First 150 of 242 actions detected
| 0:00 | Create | Villager (Male) |
| 0:01 | Create | Villager (Male) |
| 0:02 | Build | House |
| 0:03 | Build | House |
| 0:10 | Create | Villager (Male) |
| 0:10 | Create | Villager (Male) |
| 1:26 | Create | Villager (Male) |
| 1:26 | Create | Villager (Male) |
| 1:26 | Create | Villager (Male) |
| 1:45 | Build | Lumber Camp |
| 2:04 | Create | Villager (Male) |
| 2:04 | Create | Villager (Male) |
| 2:29 | Create | Villager (Male) |
| 2:30 | Create | Villager (Male) |
| 2:55 | Create | Villager (Male) |
| 2:56 | Create | Villager (Male) |
| 3:17 | Create | Villager (Male) |
| 3:43 | Create | Villager (Male) |
| 3:43 | Create | Villager (Male) |
| 3:51 | Build | House |
| 4:19 | Build | Mill |
| 4:36 | Create | Villager (Male) |
| 4:36 | Create | Villager (Male) |
| 5:02 | Create | Villager (Male) |
| 5:35 | Research | Loom |
| 6:17 | Build | Mining Camp |
| 6:30 | Research | Feudal Age |
| 7:07 | Build | House |
| 8:07 | Create | Villager (Male) |
| 8:08 | Create | Villager (Male) |
| 8:11 | Create | Villager (Male) |
| 8:40 | Age | Feudal Age |
| 8:42 | Research | Double-Bit Axe |
| 8:56 | Build | Watch Tower |
| 9:05 | Create | Villager (Male) |
| 9:57 | Create | Villager (Male) |
| 10:19 | Build | Blacksmith |
| 10:27 | Build | House |
| 11:02 | Create | Villager (Male) |
| 11:02 | Create | Villager (Male) |
| 11:03 | Create | Villager (Male) |
| 11:03 | Create | Villager (Male) |
| 11:03 | Create | Villager (Male) |
| 12:02 | Create | Villager (Male) |
| 12:22 | Create | Villager (Male) |
| 12:42 | Build | House |
| 12:46 | Build | Farm |
| 12:47 | Build | Farm |
| 12:56 | Research | Fletching |
| 12:56 | Research | Fletching |
| 13:12 | Build | Farm |
| 13:37 | Build | Outpost |
| 13:39 | Create | Villager (Male) |
| 13:40 | Create | Villager (Male) |
| 13:50 | Create | Villager (Male) |
| 14:01 | Build | Watch Tower |
| 14:09 | Build | Outpost |
| 14:15 | Create | Villager (Male) |
| 14:18 | Build | Farm |
| 14:19 | Build | Farm |
| 14:58 | Create | Villager (Male) |
| 15:23 | Create | Villager (Male) |
| 15:23 | Create | Villager (Male) |
| 15:37 | Create | Villager (Male) |
| 16:00 | Create | Villager (Male) |
| 16:00 | Create | Villager (Male) |
| 16:09 | Build | Farm |
| 16:11 | Build | Farm |
| 16:12 | Build | Farm |
| 16:16 | Build | Farm |
| 16:16 | Build | Farm |
| 16:16 | Build | Farm |
| 16:16 | Build | Farm |
| 16:17 | Build | Farm |
| 16:22 | Create | Villager (Male) |
| 16:35 | Create | Villager (Male) |
| 16:40 | Create | Villager (Male) |
| 17:07 | Build | Farm |
| 17:09 | Build | Mining Camp |
| 17:29 | Create | Villager (Male) |
| 17:51 | Build | Farm |
| 17:54 | Build | Farm |
| 18:23 | Build | Watch Tower |
| 18:34 | Create | Villager (Male) |
| 18:35 | Create | Villager (Male) |
| 18:35 | Create | Villager (Male) |
| 19:44 | Build | Market |
| 20:03 | Research | Wheelbarrow |
| 20:07 | Build | House |
| 20:27 | Build | Watch Tower |
| 20:39 | Build | House |
| 21:02 | Research | Castle Age |
| 21:02 | Research | Castle Age |
| 21:08 | Research | Horse Collar |
| 21:09 | Research | Horse Collar |
| 21:09 | Research | Horse Collar |
| 22:36 | Research | Town Watch |
| 22:38 | Create | Villager (Male) |
| 23:18 | Build | Outpost |
| 23:31 | Build | House |
| 23:51 | Build | House |
| 23:58 | Age | Castle Age |
| 24:01 | Research | Bodkin Arrow |
| 24:07 | Build | Siege Workshop |
| 24:18 | Build | University |
| 24:24 | Create | Villager (Male) |
| 24:44 | Create | Mangonel |
| 25:01 | Create | Villager (Male) |
| 25:15 | Build | Watch Tower |
| 25:23 | Create | Villager (Male) |
| 26:00 | Create | Villager (Male) |
| 26:00 | Create | Villager (Male) |
| 26:22 | Research | Guard Tower (upgrade) |
| 26:23 | Create | Villager (Male) |
| 26:23 | Create | Villager (Male) |
| 27:02 | Build | Watch Tower |
| 27:18 | Create | Villager (Male) |
| 27:21 | Build | Farm |
| 27:24 | Build | Farm |
| 27:25 | Build | Farm |
| 27:45 | Create | Mangonel |
| 27:55 | Build | Farm |
| 28:01 | Build | Farm |
| 28:02 | Build | Farm |
| 28:07 | Create | Villager (Male) |
| 28:07 | Create | Villager (Male) |
| 28:19 | Create | Villager (Male) |
| 28:27 | Build | Watch Tower |
| 28:48 | Create | Villager (Male) |
| 28:51 | Build | Lumber Camp |
| 29:01 | Build | Farm |
| 29:05 | Build | Watch Tower |
| 29:40 | Build | Watch Tower |
| 30:13 | Create | Villager (Male) |
| 30:22 | Build | Farm |
| 30:22 | Build | Farm |
| 30:23 | Build | Farm |
| 30:23 | Build | Farm |
| 30:23 | Build | Farm |
| 30:29 | Build | Barracks |
| 30:52 | Research | Masonry |
| 30:56 | Create | Villager (Male) |
| 30:57 | Create | Villager (Male) |
| 30:57 | Create | Villager (Male) |
| 30:58 | Create | Villager (Male) |
| 30:58 | Create | Villager (Male) |
| 31:27 | Research | Scale Barding Armor |
| 31:28 | Research | Forging |
| 31:38 | Create | Battering Ram |
| 31:47 | Build | Stable |
Match timeline
| 3:23 | Axolotl-Flöten-Beschwörer · wall_segment Palisade Wall x7 |
| 3:25 | Axolotl-Flöten-Beschwörer · wall_segment Palisade Wall x1 |
| 3:26 | Axolotl-Flöten-Beschwörer · wall_segment Palisade Wall x1 |
| 3:26 | Axolotl-Flöten-Beschwörer · wall_segment Palisade Wall x1 |
| 3:27 | Axolotl-Flöten-Beschwörer · wall_segment Palisade Wall x1 |
| 3:29 | Axolotl-Flöten-Beschwörer · wall_segment Palisade Wall x2 |
| 3:31 | Axolotl-Flöten-Beschwörer · wall_segment Palisade Wall x3 |
| 4:02 | Axolotl-Flöten-Beschwörer · wall_segment Palisade Wall x1 |
| 4:07 | Axolotl-Flöten-Beschwörer · wall_segment Palisade Wall x1 |
| 4:11 | Axolotl-Flöten-Beschwörer · wall_segment Palisade Wall x1 |
| 4:21 | Axolotl-Flöten-Beschwörer · wall_segment Palisade Wall x1 |
| 4:39 | Axolotl-Flöten-Beschwörer · wall_segment Palisade Wall x1 |
| 4:41 | Axolotl-Flöten-Beschwörer · wall_segment Palisade Wall x1 |
| 4:43 | Axolotl-Flöten-Beschwörer · wall_segment Palisade Wall x1 |
| 4:44 | Axolotl-Flöten-Beschwörer · wall_segment Palisade Wall x1 |
| 4:46 | Axolotl-Flöten-Beschwörer · wall_segment Palisade Wall x1 |
| 4:48 | Axolotl-Flöten-Beschwörer · wall_segment Palisade Wall x1 |
| 8:40 | Espummoni · age_up feudal |
| 9:13 | Axolotl-Flöten-Beschwörer · wall_segment Palisade Wall x15 |
| 9:14 | Axolotl-Flöten-Beschwörer · wall_segment Palisade Wall x1 |
| 11:52 | Axolotl-Flöten-Beschwörer · age_up feudal |
| 12:04 | Axolotl-Flöten-Beschwörer · wall_segment Stone Wall x2 |
| 12:07 | Axolotl-Flöten-Beschwörer · wall_segment Stone Wall x1 |
| 13:29 | Axolotl-Flöten-Beschwörer · wall_segment Stone Wall x1 |
| 13:30 | Axolotl-Flöten-Beschwörer · wall_segment Stone Wall x4 |
| 13:32 | Axolotl-Flöten-Beschwörer · wall_segment Stone Wall x1 |
| 16:41 | Axolotl-Flöten-Beschwörer · first_market_buy 100 food |
| 16:43 | Axolotl-Flöten-Beschwörer · first_market_sell 100 wood |
| 18:05 | Axolotl-Flöten-Beschwörer · wall_segment Stone Wall x1 |
| 19:15 | Axolotl-Flöten-Beschwörer · wall_segment Stone Wall x1 |
| 19:19 | Axolotl-Flöten-Beschwörer · wall_segment Stone Wall x1 |
| 19:28 | Axolotl-Flöten-Beschwörer · age_up castle |
| 19:52 | Axolotl-Flöten-Beschwörer · first_building Siege Workshop |
| 22:02 | Axolotl-Flöten-Beschwörer · wall_segment Palisade Wall x2 |
| 22:50 | Axolotl-Flöten-Beschwörer · wall_segment Stone Wall x1 |
| 22:51 | Axolotl-Flöten-Beschwörer · wall_segment Stone Wall x1 |
| 22:51 | Axolotl-Flöten-Beschwörer · wall_segment Stone Wall x1 |
| 23:58 | Espummoni · age_up castle |
| 24:07 | Espummoni · first_building Siege Workshop |
| 24:47 | Axolotl-Flöten-Beschwörer · first_building Monastery |
| 25:11 | Axolotl-Flöten-Beschwörer · wall_segment Stone Wall x2 |
| 26:19 | Espummoni · first_market_sell 100 food |
| 26:20 | Espummoni · first_market_buy 100 wood |
| 28:58 | Axolotl-Flöten-Beschwörer · age_up imperial |
| 29:26 | Axolotl-Flöten-Beschwörer · first_building Barracks |
| 30:29 | Espummoni · first_building Barracks |
| 31:05 | Axolotl-Flöten-Beschwörer · first_building Archery Range |
| 31:47 | Espummoni · first_building Stable |
| 36:24 | Axolotl-Flöten-Beschwörer · wall_segment Palisade Wall x1 |
| 36:44 | Axolotl-Flöten-Beschwörer · wall_segment Stone Wall x1 |
| 36:56 | Axolotl-Flöten-Beschwörer · wall_segment Stone Wall x1 |
| 37:02 | Axolotl-Flöten-Beschwörer · wall_segment Stone Wall x1 |
| 37:26 | Axolotl-Flöten-Beschwörer · wall_segment Palisade Wall x1 |
| 37:53 | Axolotl-Flöten-Beschwörer · wall_segment Stone Wall x1 |
| 39:50 | Axolotl-Flöten-Beschwörer · wall_segment Palisade Wall x1 |
| 40:50 | Axolotl-Flöten-Beschwörer · resign |
[ AI ANALYSIS · 1 CREDIT ]
What really happened in this match?
Wolo.gg analyzes every decision: build order, eco, micro, common mistakes by bracket. Personalized analysis on WhatsApp or Discord in 30 seconds.
Civ guide
Turks
Perfil
Jugador #220422